 Dungeon Crawl Stone Soup version 0.22.1 (webtiles) character file.

114 Fang the Skirmisher (level 4, -2/29 HPs)
             Began as a Gargoyle Berserker on Sept 17, 2018.
             Was a Priest of Trog.
             Slain by an adder (4 damage)
             ... while paralysed by Grinder
             ... on level 3 of the Dungeon.
             The game lasted 00:02:29 (2417 turns).

Fang the Skirmisher (Gargoyle Berserker)            Turns: 2417, Time: 00:02:30

Health: -2/29      AC:  7    Str: 22    XL:     4   Next: 97%
Magic:  4/4        EV:  2    Int:  7    God:    Trog [***...]
Gold:   39         SH:  0    Dex:  9    Spells: 3/3 levels left

rFire    . . .     SeeInvis .   a - +0 hand axe
rCold    . . .     Gourm    .   (no shield)
rNeg     + . .     Faith    .   b - +0 animal skin
rPois    ∞         Spirit   .   (no helmet)
rElec    +         Reflect  .   (no cloak)
rCorr    .         Harm     .   (no gloves)
MR       .....     Rnd*Tele +   r - +1 pair of boots
Stlth    +.........             (no amulet)
HPRegen  0.09/turn              d - ring of teleportation (curse)
MPRegen  0.09/turn              (no ring)

@: paralysed, berserk cooldown, slowed
A: negative energy resistance 1, electricity resistance, unbreathing,
petrification resistance, rot immunity, AC +3
a: Berserk, Trog's Hand, Renounce Religion


You were on level 3 of the Dungeon.
You worshipped Trog.
Trog was most pleased with you.
You were hungry.

You visited 1 branch of the dungeon, and saw 3 of its levels.

You collected 39 gold pieces.

Inventory:

Hand Weapons
 a - a +0 hand axe (weapon)
Armour
 b - a +0 animal skin (worn)
 r - a +1 pair of boots (worn)
Jewellery
 d - a cursed ring of teleportation (left hand)
Scrolls
 g - 3 scrolls of identify {unknown}
 h - 4 scrolls of remove curse {unknown}
 j - a scroll of amnesia {unknown}
 m - a scroll of enchant armour {unknown}
 n - a scroll of teleportation {unknown}
 p - a scroll of noise {unknown}
 q - a scroll of immolation {unknown}
Potions
 e - a potion of heal wounds {unknown}
 f - a potion of mutation {unknown}
 i - a potion of curing {unknown}
 k - a potion of degeneration {unknown}
 l - a potion of agility {unknown}
 o - a potion of magic {unknown}
Comestibles
 c - 2 rations


   Skills:
 + Level 4.0 Fighting
 + Level 3.7 Axes
 + Level 2.4 Armour
 + Level 2.6 Dodging
 + Level 0.1 Stealth


You had 3 spell levels left.
You didn't know any spells.
Your spell library was empty.

Dungeon Overview and Level Annotations

Branches:
Dungeon (3/15)

Altars:
Xom
Zin

Annotations:
D:3 Grinder


Innate Abilities, Weirdness & Mutations

You are resistant to torment.
Your stone body is resilient. (AC +3)
You are immune to poison.
You resist negative energy. (rN+)
You are resistant to electric shocks. (rElec)
You can survive without breathing.
You are immune to petrification.
You are immune to rotting.


Message History

Grinder says, "I used to sell toenails on the black market."
Grinder hits you but does no damage. The adder bites you but does no damage.
Grinder gestures at you.
You suddenly lose the ability to move!
The adder bites you. Grinder gestures at you.
You resist with significant effort. The adder bites you but does no damage.
The adder bites you.
* * * LOW HITPOINT WARNING * * *
Grinder hits you but does no damage. The adder bites you.
* * * LOW HITPOINT WARNING * * *
Grinder hits you.
* * * LOW HITPOINT WARNING * * *
The adder bites you but does no damage. Grinder hits you.
* * * LOW HITPOINT WARNING * * *
The adder bites you but does no damage. Grinder gestures at you.
You shrug off the repeated paralysis!
The adder bites you.
You die...

... #. .... ...
..#.#%...... ......
.....#..... ......
#.#........ ......
#....#....
.........##..#l$...
..............S5# .
..............@.####.
......................
...............######.
..............# #.#
#.............# #..###
##.........# #.<.##
#..######## ###..#
#...### #####.#####
......#...#####
##......#...


You could see Grinder, an adder and a frilled lizard.

Vanquished Creatures
  4 adders
  2 oozes (D:1)
  A dart slug (D:2)
  A leopard gecko (D:1)
  A giant cockroach (D:1)
  9 goblins
  7 hobgoblins
  7 jackals (D:2)
  3 ball pythons (D:2)
  8 bats
  4 frilled lizards
  12 kobolds
  7 rats
66 creatures vanquished.

Notes
Turn   | Place    | Note
-------+----------+-------------------------------------------
     0 | D:1      | Fang the Gargoyle Berserker began the quest for the Orb.
     0 | D:1      | Reached XP level 1. HP: 14/14 MP: 1/1
   105 | D:1      | Reached XP level 2. HP: 3/19 MP: 2/2
   106 | D:1      | HP: 1/28 [hobgoblin (2)]
   574 | D:1      | Reached XP level 3. HP: 22/24 MP: 3/3
   636 | D:1      | Reached ** piety under Trog
  1474 | D:2      | Reached XP level 4. HP: 19/29 MP: 4/4
  1517 | D:2      | Found a shimmering altar of Xom.
  1517 | D:2      | Noticed an angel
  1519 | D:2      | Found a glowing silver altar of Zin.
  1778 | D:2      | Reached *** piety under Trog
  1933 | D:2      | Reached skill level 4 in Fighting
  2397 | D:3      | Noticed Grinder
  2406 | D:3      | Paralysed by Grinder for 4 turns
  2412 | D:3      | Paralysed by Grinder for 6 turns
  2417 | D:3      | Slain by an adder

Skill      XL: |  1  2  3  4 |
---------------+-------------+-----
Axes           | 3 |  3.7
Dodging        | 2 |  2.6
Fighting       | 4 |  4.0
Armour         | |  2.4
Stealth        | |  0.1

Action                   |  1- 3 |  4- 6 || total
-------------------------+-------+-------++-------
Melee: Hand axe          |   118 |    86 ||   204
Invok: Berserk           |     1 |     1 ||     2
  Eat: Chunk             |     3 |     3 ||     6
Armor: Animal skin       |    48 |    48 ||    96
Dodge: Dodged            |   113 |    67 ||   180
